 Dungeon Crawl Stone Soup version 0.29.0-5-ge4962eb29e (webtiles) character file.

Game seed: 8917250099346748164

70 PieDemon the Chopper (level 4, -2/38 HPs)
             Began as a Meteoran Abyssal Knight on Aug 29, 2022.
             Was a Priest of Lugonu.
             Slain by a jelly (3 damage)
             ... on level 3 of the Dungeon.
             The game lasted 00:08:33 (1241 turns).

PieDemon the Chopper (Meteoran Abyssal Knight)      Turns: 1241, Time: 00:08:36

Health: -2/38      AC:  2    Str: 16    XL:     4   Next: 72%
Magic:  7/7        EV:  7    Int: 11    God:    Lugonu [***...]
Gold:   168        SH:  0    Dex: 15    Spells: 3/3 levels left

rFire   . . .      SeeInvis .   a - +1 hand axe
rCold   . . .      Faith    .   (no shield)
rNeg    . . .      Spirit   .   n - +0 chain mail
rPois   .          Reflect  .   (no helmet)
rElec   .          Harm     .   (no cloak)
rCorr   .          Rampage  .   (no gloves)
Will    .....                   c - +1 pair of boots {Stlth+}
Stlth   ..........              (no amulet)
HPRegen 0.12/turn               (no ring)
MPRegen 0.10/turn               (no ring)

@: corroded, glowing
A: sense surroundings 1, otherworldly, glowing, explore regen
a: Renounce Religion, Depart the Abyss, Bend Space, Banish


You were on level 3 of the Dungeon.
You worshipped Lugonu.
Lugonu was most pleased with you.
You visited 1 branch of the dungeon, and saw 4 of its levels.
You visited the Abyss 1 time.

You collected 168 gold pieces.

Inventory:

Hand Weapons
 a - a +1 hand axe (weapon)
 h - a +0 rapier
 r - a +0 whip
Missiles
 f - 4 curare-tipped darts
 k - 8 poisoned darts
Armour
 b - a +0 leather armour
 c - a +1 pair of boots of stealth (worn)
 n - a +0 chain mail (worn)
Wands
 q - a wand of charming (2)
Scrolls
 d - 3 scrolls of identify
 e - 2 scrolls of magic mapping {unknown}
 g - 2 scrolls of butterflies {unknown}
 l - a scroll of blinking {unknown}
 m - 2 scrolls of enchant weapon {unknown}
 o - a scroll of noise {unknown}
 p - a scroll of enchant armour {unknown}
Potions
 j - a potion of curing
 s - a potion of heal wounds


   Skills:
 - Level 3.2 Fighting
 * Level 4.5 Axes
 - Level 2.4 Armour
 - Level 1.2 Dodging
 + Level 3.7 Invocations


You had 3 spell levels left.
You didn't know any spells.
Your spell library contained the following spells:

 Spells                   Type           Power      Damage    Failure   Level
 Necrotise                Necr           0%         1d4       100%        1
 Call Canine Familiar     Summ           0%         N/A       100%        3
 Dazzling Flash           Conj/Hex       0%         N/A       100%        3
 Portal Projectile        Hex/Tloc       0%         N/A       100%        3
 Vampiric Draining        Necr           0%         2d6       100%        3
 Iskenderun's Mystic Bla  Conj/Tloc      0%         2d3       100%        4
 Leda's Liquefaction      Hex/Erth       0%         N/A       100%        4
 Agony                    Necr           0%         N/A       100%        5
 Starburst                Conj/Fire      0%         6d3       100%        6


Dungeon Overview and Level Annotations

Branches:
Dungeon (4/15) Zot: 1146
 Temple: D:4-7

Altars:
Xom


Innate Abilities, Weirdness & Mutations

You passively map a small area around you.
You are easily found by Zot.
You glow in the dark.
You regain HP and MP as you explore.


Message History

The hobgoblin shouts!
You hit the hobgoblin.
The hobgoblin is almost dead.
The hobgoblin hits you but does no damage.
You barely miss the hobgoblin.
The hobgoblin is almost dead.
The hobgoblin hits you but does no damage.
You slash the hobgoblin!
You kill the hobgoblin!
Lugonu accepts your kill.
A jelly is nearby!
The jelly quivers.
Okay, then.
Unknown command.
You hit the jelly. The acid corrodes you!
Your hands burn!
The jelly is heavily wounded.
The jelly hits you but does no damage.
You hit the jelly but do no damage.
Your hands burn!
The jelly is heavily wounded.
The jelly hits you but does no damage.
You hit the jelly but do no damage.
Your hands burn!
The jelly is heavily wounded.
The jelly hits you but does no damage.
You slash the jelly! The acid corrodes you!
Your hands burn!
The jelly is almost dead.
The jelly hits you.
You are splashed with acid!
You hit the jelly but do no damage.
Your hands burn!
* * * LOW HITPOINT WARNING * * *
The jelly is almost dead.
The jelly hits you.
* * * LOW HITPOINT WARNING * * *
You are splashed with acid!
* * * LOW HITPOINT WARNING * * *
Aiming: Charm
Press: ? - help, Shift-Dir - straight line, f - jelly
Aim: a jelly (almost dead, chance to affect: 57%)
The jelly resists with significant effort.
The jelly jiggles.
The jelly hits you.
You die...

###. , #.# * * #.# ,
, ,#.# , ,, ,#.#
###.##
#.#####.#######
......
..............#
###.##
.#####.#####.# ## *
#J# #.# .# #@# #.#
.# * #######.### #.#
.# # ..........# #.#
.##.## #######.#.#
#.# ...... , ...#.#
#.# ....## #
#########.# #.#
######.#.#.......†.#
#.# ........
#...####### #.#
#####.# #.....# #.#


You could see a jelly.

Vanquished Creatures
  An adder (D:2)
  A worm (D:2)
  A dart slug (D:1)
  8 ball pythons
  An endoplasm (D:3)
  A giant cockroach (D:1)
  4 goblins
  5 hobgoblins
  4 quokkas
  5 bats
  5 frilled lizards
  3 kobolds
  5 rats
44 creatures vanquished.

Vanquished Creatures (collateral kills)
  An adder (D:3)
1 creature vanquished.

Grand Total: 45 creatures vanquished

Notes
Turn   | Place    | Note
-------+----------+-------------------------------------------
     0 | Abyss:1  | PieDemon the Meteoran Abyssal Knight began the quest for
                  | the Orb.
     0 | Abyss:1  | Reached XP level 1. HP: 19/19 MP: 3/3
     1 | D:1      | Escaped the Abyss
    67 | D:1      | Reached XP level 2. HP: 22/26 MP: 5/5
    79 | D:1      | Reached skill level 3 in Axes
   392 | D:2      | Reached XP level 3. HP: 30/31 MP: 6/6
   439 | D:1      | Found a faded altar of an unknown god.
   685 | D:2      | Reached *** piety under Lugonu
   690 | D:2      | Reached skill level 4 in Axes
   866 | D:2      | Reached XP level 4. HP: 36/38 MP: 7/7
  1165 | D:3      | Found a shimmering altar of Xom.
  1240 | D:3      | HP: 1/38 [acid (7)]
  1241 | D:3      | Slain by a jelly

Illustrated notes

Levels and vault maps discovered:
D:1:      dpeg_arrival_tiny_j, layout_basic, shapermc_ecumenical_altar_venn
D:2:      layout_basic
D:3:      layout_basic, xom_teletrap_fun
D:4:      layout_layer_cave, minmay_temple_entry_from_below_a, st_stairs_14

Skill      XL: |  1  2  3 |
---------------+----------+-----
Axes           | 3 4 |  4.5
Invocations    | 3 |  3.7
Fighting       | |  3.2
Armour         | |  2.4
Dodging        | |  1.2

Action                   |  1- 3 |  4- 6 || total
-------------------------+-------+-------++-------
Melee: Hand axe          |    68 |    44 ||   112
Throw: Dart              |       |     1 ||     1
Invok: Bend Space        |       |     2 ||     2
Evoke: Wand              |       |     3 ||     3
  Use: Scroll            |       |     3 ||     3
Armor: Leather armour    |    25 |       ||    25
       Chain mail        |    11 |    29 ||    40
Dodge: Dodged            |    25 |    15 ||    40
